 Dungeon Crawl Stone Soup version 0.31.0 (webtiles) character file.

Game seed: 14658651166817086569

31793 qw the Marksgargoyle (level 13, -2/84 HPs)
             Began as a Gargoyle Hunter on Jan 19, 2024.
             Was the Champion of Okawaru.
             Slain by a death yak (11 damage)
             ... on level 4 of the Lair of Beasts.
             The game lasted 00:01:40 (11557 turns).

qw the Marksgargoyle (Gargoyle Hunter)             Turns: 11557, Time: 00:01:41

Health: -2/84      AC: 22    Str: 14    XL:     13   Next: 60%
Magic:  20/20      EV: 15    Int: 12    God:    Okawaru [******]
Gold:   988        SH:  0    Dex: 17    Spells: 12/12 levels left

rFire   . . .        i - +1 longbow (heavy)
rCold   + . .        (shield currently unavailable)
rNeg    + . .        h - +3 steam dragon scales
rPois   inf          e - +1 hat {SInv}
rElec   +            (no cloak)
rCorr   .            n - +2 pair of gloves
SInv    +            (no boots)
Will    +....        b - amulet of faith
Stlth   ++           s - ring of protection from cold
HPRegen 0.34/turn    r - ring of willpower
MPRegen 0.17/turn

%: faith
@: about to teleport, flying
A: sickness immunity, AC +9, negative energy resistance 1, electricity
resistance, torment resistance 1, petrification resistance, big wings
a: Renounce Religion, Heroism, Finesse, Duel


You were on level 4 of the Lair of Beasts.
You worshipped Okawaru.
Okawaru was exalted by your worship.
You visited 3 branches of the dungeon, and saw 13 of its levels.
You also visited: Sewer and Ossuary.

You collected 988 gold pieces.


Innate Abilities, Weirdness & Mutations

You are immune to sickness and miasma.
Your stone body is resilient. (AC +9)
You are immune to poison.
You resist negative energy. (rN+)
You are resistant to electric shocks. (rElec)
You are resistant to unholy torment.
You are immune to petrification.
Your large and strong wings let you fly.


   Skills:
 - Level 11.0 Fighting
 - Level 17.0 Ranged Weapons
 - Level 5.0 Armour
 + Level 5.9 Dodging
 - Level 1.1 Stealth
 - Level 10.0 Invocations


You had 12 spell levels left.
You didn't know any spells.
Your spell library was empty.

Inventory:

Hand Weapons
 i - a +1 heavy longbow (weapon)
Armour
 a - the +1 helmet "Down" {Harm rF- rC++ rCorr}
   (You acquired it in a sewer)

   rF-:       It makes you vulnerable to fire.
   rC++:      It greatly protects you from cold.
   rCorr:     It protects you from acid and corrosion.
   Harm:      It increases damage dealt and taken.
 e - a +1 hat of see invisible (worn)
 f - a +2 helmet
 h - +3 steam dragon scales (worn)
 n - a +2 pair of gloves (worn)
 u - the scarf of Xodoenib {rC+ rF+, +Blink rPois Dex+3}
   (Okawaru gifted it to you on level 4 of the Lair of Beasts)

   Dex+3:     It affects your dexterity (+3).
   rPois:     It protects you from poison +Blink: It lets you blink.
Jewellery
 b - an amulet of faith (around neck)
 r - a ring of willpower (right hand)
 s - a ring of protection from cold (left hand)
 v - an amulet of the acrobat
Wands
 j - a wand of paralysis (2)
 k - a wand of digging (1)
 l - a wand of roots (13)
 m - a wand of light (6)
Scrolls
 c - 4 scrolls of identify
 g - 4 scrolls of teleportation
Potions
 d - 4 potions of heal wounds
 o - 2 potions of mutation
 p - 6 potions of enlightenment
 q - a potion of curing
 t - a potion of brilliance {unknown}

Dungeon Overview and Level Annotations

Branches:
Dungeon (8/15)             Temple (1/1) D:5            Lair (4/5) D:8
  Swamp (0/4) Lair:2       Spider (0/4) Lair:3        Slime (0/5) Lair:4
  Sewer (visited)         Ossuary (visited)

Altars:
Ashenzari
Cheibriados
Dithmenos
Elyvilon
Fedhas
Gozag
Hepliaklqana
Kikubaaqudgha
Makhleb
Nemelex Xobeh
Okawaru
Qazlal
Ru
Sif Muna
Trog
Uskayaw
Vehumet
Wu Jian
Yredelemnul
Zin
The Shining One

Shops:
D:8 :

Annotations:
D:3 1 runed translucent door, qw's ghost, amateur GrHu
D:7 2 runed translucent doors
D:8 exclusion: orange crystal statue


Message History

The blink frog blinks!
The death yak gores you but does no damage.
You shoot an arrow. The arrow hits the death yak!!
The death yak is moderately wounded.
The blink frog blinks!
The death yak gores you but does no damage.
You shoot an arrow. The arrow hits the death yak!!
The death yak is severely wounded.
The death yak gores you!
You shoot an arrow. The arrow hits the death yak!!!
You kill the death yak!
Okawaru accepts your kill.
You hear a bellow!
A death yak comes into view.
The death yak barely misses you.
You shoot an arrow. The arrow hits the death yak!!
The death yak is moderately wounded.
The death yak closely misses you. The blink frog hits you!
You shoot an arrow. The arrow hits the blink frog!!
You kill the blink frog!
Okawaru accepts your kill.
The death yak gores you but does no damage.
You shoot an arrow. The arrow hits the death yak!!!
The death yak is severely wounded.
You shoot an arrow. The arrow hits the death yak!!!
The death yak is severely wounded.
You hear a croak.
The death yak gores you!
You hear a bellow!
You shoot an arrow.
The arrow completely misses the death yak.
The death yak closely misses you.
You shoot an arrow. The arrow hits the death yak!!
The death yak is almost dead.
The death yak gores you.
11557 ||| READING 5 scrolls of teleportation.
As you read the scroll of teleportation, it crumbles to dust.
You feel strangely unstable. The blink frog hits you!
The blink frog blinks!
The death yak gores you!
You die...

###....P# .... ....
#........ .... ... ........
.... ##..## ....... ....
.Y........ .##...% ....
......#.PP. #..... ....
.P.... #.. ## ##...) ....
......###Y##.### #...# ....
........Y#@##..## ####..#
....
.!..<....#F.....#####.....#
.....
....F......<.............>#
.....
.................^..)...#..
.....
F#..#...................#.
.....
.#.P..............>....#.
..[..
#......##P###...........
..... .........####
##........## .#...
..........# ##.......##


You could see a death yak and a blink frog.

Vanquished Creatures
  Gastronok (Lair:3)
  2 hydras (Lair:2)
  2 catoblepae (Lair:3)
  A death yak (Lair:4)
  A boulder beetle (Lair:1)
  Urug (Lair:2)
  A skyshark (Lair:2)
  An orb spider (Lair:3)
  A lindwurm (Lair:3)
  Pikel (D:8)
  2 oklob plants (Lair:4)
  10 elephants (Lair:3)
  An ice statue (D:8)
  13 cane toads
  2 rime drakes (Lair:3)
  12 komodo dragons
  A tyrant leech (Lair:2)
  4 polar bears
  2 hornets (D:7)
  Prince Ribbit (Lair:2)
  12 blink frogs
  5 yaks
  12 wyverns
  A wraith (D:6)
  Eustachio (D:4)
  8 basilisks
  2 humans (D:7)
  2 steam dragons
  2 swamp worms (Lair:2)
  9 water moccasins
  2 sky beasts (D:6)
  3 ogres
  10 wolves
  2 centaurs
  4 lemures (D:8)
  A kobold brigand (D:7)
  An elf zombie (Ossuary)
  A brain worm (Sewer)
  8 bullfrogs
  A wyvern zombie (D:6)
  3 scorpions
  4 wights (D:7)
  An electric eel (D:8)
  3 bullfrog zombies (D:6)
  2 centaur zombies (D:6)
  2 hounds (D:5)
  An orc priest (D:5)
  2 jellies
  A gnoll bouda (D:6)
  2 sleepcaps
  5 orc wizards
  6 iguanas
  A killer bee zombie (D:6)
  5 mummies
  8 gnolls
  13 adders
  7 river rats
  2 white imps
  An adder zombie (Ossuary)
  5 dart slugs
  4 ribbon worms
  36 orcs
  7 endoplasms
  7 giant cockroaches
  A gnoll zombie (Ossuary)
  4 goblins
  7 hobgoblins
  3 jackals
  8 quokkas
  11 ball pythons
  14 bats
  4 frilled lizards
  3 goblin zombies (Ossuary)
  11 kobolds
  2 kobold zombies (Ossuary)
  5 orc zombies
  11 rats
  A rat zombie (Ossuary)
360 creatures vanquished.

Notes
Turn   | Place    | Note
-------+----------+-------------------------------------------
     0 | D:1      | qw the Gargoyle Hunter began the quest for the Orb.
     0 | D:1      | Reached XP level 1. HP: 12/12 MP: 1/1
     0 | D:1      | 0 ||| qw: Version: 0.3-a-132-g3d54051
     0 | D:1      | 0 ||| qw: Game counter: 284
     0 | D:1      | 0 ||| qw: Melee chars always use a shield: true
     0 | D:1      | 0 ||| qw: God list: Okawaru
     0 | D:1      | 0 ||| qw: Allow faded altars: false
     0 | D:1      | 0 ||| qw: Do Orc after clearing Dungeon:15 true
     0 | D:1      | 0 ||| qw: Do second Lair branch before Depths: true
     0 | D:1      | 0 ||| qw: Lair rune preference: random
     0 | D:1      | 0 ||| qw: Goals: Normal
     0 | D:1      | 0 ||| PLANNING D:1-11
   130 | D:1      | Reached XP level 2. HP: 17/17 MP: 2/2
   423 | D:1      | Reached XP level 3. HP: 21/21 MP: 3/3
   731 | D:1      | 731 ||| UPGRADING to +0 leather armour of cold resistance.
   741 | D:1      | 741 ||| DROPPING +0 leather armour.
   742 | D:1      | 742 ||| READING scroll labelled MUCWUEDUCK.
   742 | D:1      | 742 ||| ENCHANTING +0 shortbow.
   743 | D:1      | 743 ||| READING scroll labelled NIFUDA UZUUSE.
   747 | D:1      | 747 ||| READING scroll labelled ZYOTIZ TATSA.
   747 | D:1      | 747 ||| ENCHANTING +1 shortbow.
   748 | D:1      | 748 ||| READING scroll labelled GEIFAUVAON.
   749 | D:1      | 749 ||| DROPPING scroll of butterflies.
   778 | D:2      | Reached skill level 5 in Ranged Weapons
   935 | D:2      | Identified the +2 scale mail of Fashionability {+Inv Str+3
                  | Dex+3}
  1064 | D:2      | Reached skill level 3 in Fighting
  1259 | D:2      | 1259 ||| FLEEEEING.
  1326 | D:2      | Reached XP level 4. HP: 28/28 MP: 4/4
  1408 | D:2      | 1408 ||| READING 2 scrolls labelled JOCLOB USOWNA.
  1409 | D:2      | 1409 ||| FLEEEEING.
  1416 | D:2      | 1416 ||| STAIRDANCE
  1428 | D:1      | 1428 ||| READING 3 scrolls labelled YVIURHIYSE.
  1428 | D:1      | 1428 ||| IDENTIFYING murky inky potion
  1429 | D:1      | 1429 ||| READING 2 scrolls of identify.
  1429 | D:1      | 1429 ||| IDENTIFYING fizzy white potion
  1430 | D:1      | 1430 ||| DROPPING scroll of torment.
  1431 | D:1      | 1431 ||| DROPPING potion of magic.
  1432 | D:1      | 1432 ||| DROPPING potion of lignification.
  1627 | D:3      | Found a runed translucent door.
  1630 | D:3      | Noticed a bullfrog
  1673 | D:3      | Found a faded altar of an unknown god.
  1677 | D:3      | Found a white marble altar of Elyvilon.
  1734 | D:3      | Noticed qw's ghost (amateur GrHu)
  1792 | D:3      | Found a hazy altar of Hepliaklqana.
  1882 | D:3      | Found an opulent altar of Gozag.
  1909 | D:3      | Found a glowing silver altar of Zin.
  2008 | D:3      | 2008 ||| UPGRADING to +0 helmet.
  2013 | D:3      | 2013 ||| UPGRADING to amulet of guardian spirit.
  2018 | D:3      | 2018 ||| READING scroll of identify.
  2018 | D:3      | 2018 ||| IDENTIFYING lumpy blue potion
  2062 | D:4      | 2062 ||| PLANNING OSSUARY
  2066 | D:4      | Noticed Eustachio
  2072 | D:4      | Noticed an ogre
  2074 | D:4      | 2074 ||| RETREEEEATING.
  2075 | D:4      | 2075 ||| RETREEEEATING.
  2076 | D:4      | 2076 ||| RETREEEEATING.
  2089 | D:4      | Killed an ogre
  2089 | D:4      | HP: 6/28 [Eustachio/+0 rapier (6)]
  2090 | D:4      | Reached skill level 6 in Ranged Weapons
  2090 | D:4      | Reached XP level 5. HP: 6/32 MP: 1/5
  2090 | D:4      | 2090 ||| READING 5 scrolls of teleportation.
  2093 | D:4      | HP: 2/32 [Eustachio/+0 rapier (6)]
  2095 | D:4      | 2095 ||| READING 4 scrolls of teleportation.
  2256 | D:4      | Found a snail-covered altar of Cheibriados.
  2368 | D:4      | Found a sand-covered staircase.
  2377 | D:4      | Reached skill level 1 in Armour
  2377 | D:4      | 2377 ||| FLEEEEING.
  2381 | D:4      | 2381 ||| STAIRDANCE
  2435 | D:3      | 2435 ||| DROPPING ring of wizardry.
  2445 | Ossuary  | Entered an ossuary
  2477 | Ossuary  | Reached XP level 6. HP: 22/38 MP: 3/6
  2593 | Ossuary  | 2593 ||| READING 2 scrolls of enchant armour.
  2593 | Ossuary  | 2593 ||| ENCHANTING +0 helmet.
  2594 | Ossuary  | 2594 ||| READING scroll of enchant armour.
  2594 | Ossuary  | 2594 ||| ENCHANTING +1 helmet.
  2710 | Ossuary  | 2710 ||| READING 2 scrolls of identify.
  2710 | Ossuary  | 2710 ||| IDENTIFYING sedimented white potion
  2711 | Ossuary  | 2711 ||| READING scroll of identify.
  2711 | Ossuary  | 2711 ||| IDENTIFYING 2 fizzy silvery potions
  2712 | Ossuary  | 2712 ||| READING scroll labelled DATE FEYF TUOR.
  2713 | Ossuary  | 2713 ||| DRINKING 2 fuming dark potions.
  2713 | Ossuary  | Gained mutation: Your large and strong wings let you fly.
                  | [potion of mutation]
  2714 | Ossuary  | 2714 ||| DRINKING 2 golden potions.
  2729 | D:4      | 2729 ||| PLANNING D:1-11
  2785 | D:4      | Found a burning altar of Makhleb.
  2792 | D:4      | 2792 ||| RETREEEEATING.
  2795 | D:4      | 2795 ||| RETREEEEATING.
  2796 | D:4      | 2796 ||| RETREEEEATING.
  2797 | D:4      | 2797 ||| RETREEEEATING.
  2798 | D:4      | 2798 ||| RETREEEEATING.
  2817 | D:4      | 2817 ||| RETREEEEATING.
  2890 | D:4      | 2890 ||| RETREEEEATING.
  2903 | D:4      | Killed Eustachio
  2904 | D:4      | Reached skill level 7 in Ranged Weapons
  2904 | D:4      | Reached XP level 7. HP: 42/43 MP: 7/7
  3109 | D:4      | 3109 ||| FLEEEEING.
  3116 | D:4      | 3116 ||| STAIRDANCE
  3118 | D:3      | 3118 ||| DROPPING +1 hat.
  3168 | D:5      | Entered Level 5 of the Dungeon
  3169 | D:5      | 3169 ||| PLANNING SEWER
  3195 | D:5      | 3195 ||| FLEEEEING.
  3203 | D:5      | 3203 ||| FLEEEEING.
  3204 | D:5      | 3204 ||| FLEEEEING.
  3205 | D:5      | 3205 ||| FLEEEEING.
  3211 | D:5      | 3211 ||| FLEEEEING.
  3214 | D:5      | 3214 ||| DRINKING potion of curing.
  3214 | D:5      | 3214 ||| (to cure confusion)
  3221 | D:5      | 3221 ||| STAIRDANCE
  3225 | D:4      | 3225 ||| FLEEEEING.
  3263 | D:5      | Reached skill level 8 in Ranged Weapons
  3333 | D:5      | Found a stormy altar of Qazlal.
  3375 | D:5      | 3375 ||| SWAPPING to +0 longbow.
  3376 | D:5      | 3376 ||| DROPPING +1 shortbow.
  3439 | D:5      | 3439 ||| RETREEEEATING.
  3443 | D:5      | 3443 ||| RETREEEEATING.
  3449 | D:5      | 3449 ||| RETREEEEATING.
  3450 | D:5      | 3450 ||| RETREEEEATING.
  3451 | D:5      | 3451 ||| RETREEEEATING.
  3462 | D:5      | Reached XP level 8. HP: 42/49 MP: 8/8
  3483 | D:5      | 3483 ||| FLEEEEING.
  3547 | D:5      | Reached skill level 9 in Ranged Weapons
  3653 | D:5      | Found a staircase to the Ecumenical Temple.
  3761 | D:5      | Found a glowing drain.
  3762 | D:5      | 3762 ||| READING 3 scrolls of identify.
  3762 | D:5      | 3762 ||| IDENTIFYING scroll labelled RIURAD WOJO
  3763 | D:5      | 3763 ||| READING 2 scrolls of identify.
  3763 | D:5      | 3763 ||| IDENTIFYING scroll labelled ENYESA SOHOINT
  3764 | D:5      | 3764 ||| DROPPING scroll of noise.
  3765 | D:5      | 3765 ||| DROPPING scroll of immolation.
  3769 | Sewer    | Entered a sewer
  4014 | Sewer    | Reached skill level 6 in Fighting
  4305 | Sewer    | 4305 ||| READING 3 scrolls of identify.
  4305 | Sewer    | 4305 ||| IDENTIFYING scroll labelled WAIMPUIXOC
  4305 | Sewer    | Identified a scroll of acquirement
  4306 | Sewer    | 4306 ||| READING scroll of acquirement.
  4306 | Sewer    | 4306 ||| ACQUIRING +1 helmet "Down" {Harm rF- rC++ rCorr}
  4306 | Sewer    | Acquired the +1 helmet "Down" {Harm rF- rC++ rCorr}
  4308 | Sewer    | 4308 ||| READING 2 scrolls of identify.
  4308 | Sewer    | 4308 ||| IDENTIFYING scroll labelled UZIMUFAUSI
  4309 | Sewer    | 4309 ||| DROPPING scroll of revelation.
  4338 | D:5      | 4338 ||| PLANNING TEMPLE
  4421 | Temple   | Entered the Ecumenical Temple
  4422 | Temple   | 4422 ||| PLANNING D:1-11
  4447 | D:5      | Found an ancient bone altar of Kikubaaqudgha.
  4652 | D:6      | Reached skill level 10 in Ranged Weapons
  4658 | D:6      | 4658 ||| FLEEEEING.
  4666 | D:6      | 4666 ||| STAIRDANCE
  4699 | D:5      | 4699 ||| FLEEEEING.
  4704 | D:5      | 4704 ||| STAIRDANCE
  4772 | D:4      | 4772 ||| DROPPING scarf of invisibility.
  4828 | D:6      | Noticed a wraith
  4833 | D:6      | Killed a wraith
  4834 | D:6      | Reached XP level 9. HP: 56/56 MP: 9/9
  4845 | D:6      | 4845 ||| READING scroll of enchant weapon.
  4845 | D:6      | 4845 ||| ENCHANTING +0 longbow.
  4954 | D:6      | Reached skill level 3 in Dodging
  4997 | D:6      | 4997 ||| FLEEEEING.
  5025 | D:6      | 5025 ||| FLEEEEING.
  5034 | D:6      | 5034 ||| STAIRDANCE
  5060 | D:5      | 5060 ||| DROPPING wand of flame (27).
  5228 | D:6      | Found a basalt altar of Yredelemnul.
  5247 | D:6      | 5247 ||| FLEEEEING.
  5335 | D:7      | Noticed a hornet
  5348 | D:7      | Killed a hornet
  5349 | D:7      | Reached skill level 11 in Ranged Weapons
  5349 | D:7      | 5349 ||| STAIRDANCE
  5351 | D:6      | 5351 ||| FLEEEEING.
  5370 | D:6      | 5370 ||| FLEEEEING.
  5377 | D:6      | 5377 ||| STAIRDANCE
  5440 | D:7      | Found a sacrificial altar of Ru.
  5486 | D:7      | 5486 ||| FLEEEEING.
  5557 | D:7      | 5557 ||| FLEEEEING.
  5623 | D:7      | Found a runed translucent door.
  5625 | D:7      | Found a runed translucent door.
  5625 | D:7      | Noticed a gargoyle
  5700 | D:7      | Noticed a hornet
  5706 | D:7      | Killed a hornet
  5707 | D:7      | 5707 ||| FLEEEEING.
  5912 | D:7      | Found a blossoming altar of Fedhas.
  5985 | D:7      | Found an iron altar of Okawaru.
  5986 | D:7      | 5986 ||| PLANNING OKAWARU WORSHIP
  5986 | D:7      | 5986 ||| UPGRADING to ring of protection from cold.
  5987 | D:7      | 5987 ||| READING 8 scrolls of identify.
  5987 | D:7      | 5987 ||| IDENTIFYING bubbling golden potion
  5988 | D:7      | 5988 ||| READING 7 scrolls of identify.
  5988 | D:7      | 5988 ||| IDENTIFYING scroll labelled CYWEIS YQANOYH
  5989 | D:7      | 5989 ||| READING 6 scrolls of identify.
  5989 | D:7      | 5989 ||| IDENTIFYING scroll labelled OGHIMORGHAWN
  5990 | D:7      | 5990 ||| DROPPING scroll of vulnerability.
  5991 | D:7      | 5991 ||| DROPPING scroll of blinking.
  5992 | D:7      | 5992 ||| DROPPING potion of ambrosia.
  6011 | D:7      | Reached XP level 10. HP: 47/64 MP: 7/10
  6011 | D:7      | 6011 ||| FLEEEEING.
  6035 | D:7      | 6035 ||| FLEEEEING.
  6091 | D:7      | Became a worshipper of Warmaster Okawaru
  6092 | D:7      | 6092 ||| PLANNING D:1-11
  6092 | D:7      | 6092 ||| REMOVING amulet of guardian spirit.
  6268 | D:7      | 6268 ||| UPGRADING to +0 pair of gloves.
  6273 | D:7      | 6273 ||| READING 2 scrolls of enchant armour.
  6273 | D:7      | 6273 ||| ENCHANTING +0 pair of gloves.
  6274 | D:7      | 6274 ||| READING scroll of enchant armour.
  6274 | D:7      | 6274 ||| ENCHANTING +1 pair of gloves.
  6275 | D:7      | 6275 ||| DROPPING amulet of guardian spirit.
  6314 | D:8      | Reached skill level 12 in Ranged Weapons
  6323 | D:8      | 6323 ||| FLEEEEING.
  6486 | D:8      | Found Ikeusch's Book Emporium.
  6504 | D:8      | Noticed Pikel
  6505 | D:8      | 6505 ||| RETREEEEATING.
  6507 | D:8      | 6507 ||| RETREEEEATING.
  6508 | D:8      | 6508 ||| RETREEEEATING.
  6509 | D:8      | 6509 ||| RETREEEEATING.
  6512 | D:8      | 6512 ||| DRINKING potion of haste.
  6536 | D:8      | Killed Pikel
  6536 | D:8      | Reached * piety under Okawaru
  6549 | D:8      | Noticed an ice statue
  6563 | D:8      | Killed an ice statue
  6564 | D:8      | Reached skill level 1 in Invocations
  6564 | D:8      | 6564 ||| FLEEEEING.
  6593 | D:8      | Identified the +3 chain mail of Unambiguity {Fly rF+}
  6653 | D:8      | Noticed a +0 falchion
  6680 | D:8      | Noticed a +0 falchion
  6680 | D:8      | Noticed a +0 dagger
  6681 | D:8      | Noticed a +0 spear
  6681 | D:8      | Noticed a +0 dagger
  6681 | D:8      | Noticed a +0 spear
  6682 | D:8      | Noticed a +0 short sword
  6682 | D:8      | Noticed a +0 short sword
  6684 | D:8      | Found a hide-covered altar of Uskayaw.
  6784 | D:8      | Found a glowing golden altar of the Shining One.
  6804 | D:8      | Found a bloodstained altar of Trog.
  6925 | D:8      | Found a staircase to the Lair.
  6940 | D:8      | Noticed an orange crystal statue
  6942 | D:8      | 6942 ||| DRINKING 2 potions of curing.
  6942 | D:8      | 6942 ||| (to cure confusion)
  6947 | D:8      | 6947 ||| DRINKING potion of curing.
  6947 | D:8      | 6947 ||| (to cure confusion)
  6965 | D:8      | 6965 ||| UPGRADING to +0 steam dragon scales.
  6966 | D:8      | 6966 ||| UPGRADING to +0 steam dragon scales.
  6967 | D:8      | 6967 ||| UPGRADING to +0 steam dragon scales.
  6968 | D:8      | 6968 ||| UPGRADING to +0 steam dragon scales.
  6969 | D:8      | 6969 ||| UPGRADING to +0 steam dragon scales.
  6969 | D:8      | HP: 16/64 [something/magic dart[an orange crystal statue]
                  | (3)]
  6970 | D:8      | 6970 ||| READING 6 scrolls of teleportation.
  6971 | D:8      | 6971 ||| DRINKING 5 potions of heal wounds.
  6972 | D:8      | 6972 ||| UPGRADING to +0 steam dragon scales.
  7057 | D:8      | 7057 ||| FLEEEEING.
  7082 | D:8      | 7082 ||| UPGRADING to +0 steam dragon scales.
  7092 | D:8      | 7092 ||| DROPPING +0 leather armour of cold resistance.
  7093 | D:8      | 7093 ||| DROPPING +0 ring mail.
  7094 | D:8      | 7094 ||| READING 2 scrolls of enchant armour.
  7094 | D:8      | 7094 ||| ENCHANTING +0 steam dragon scales.
  7095 | D:8      | 7095 ||| READING scroll of enchant armour.
  7095 | D:8      | 7095 ||| ENCHANTING +1 steam dragon scales.
  7133 | D:8      | 7133 ||| PLANNING LAIR
  7133 | D:8      | 7133 ||| DROPPING amulet of magic regeneration.
  7134 | D:8      | 7134 ||| READING 5 scrolls of identify.
  7134 | D:8      | 7134 ||| IDENTIFYING scroll labelled ODACZIACWA
  7135 | D:8      | 7135 ||| READING scroll of brand weapon.
  7135 | D:8      | 7135 ||| BRANDING +1 longbow.
  7150 | Lair:1   | Entered Level 1 of the Lair of Beasts
  7150 | Lair:1   | Noticed a cane toad
  7151 | Lair:1   | 7151 ||| INVOKING Heroism.
  7152 | Lair:1   | Noticed a cane toad
  7154 | Lair:1   | Killed a cane toad
  7155 | Lair:1   | Reached skill level 3 in Armour
  7155 | Lair:1   | Reached skill level 3 in Invocations
  7156 | Lair:1   | Killed a cane toad
  7160 | Lair:1   | Reached ** piety under Okawaru
  7190 | Lair:1   | Noticed a cane toad
  7196 | Lair:1   | 7196 ||| RETREEEEATING.
  7223 | Lair:1   | 7223 ||| INVOKING Heroism.
  7232 | Lair:1   | Killed a cane toad
  7233 | Lair:1   | Reached skill level 13 in Ranged Weapons
  7248 | Lair:1   | 7248 ||| FLEEEEING.
  7255 | Lair:1   | 7255 ||| STAIRDANCE
  7329 | Lair:1   | 7329 ||| FLEEEEING.
  7336 | Lair:1   | 7336 ||| STAIRDANCE
  7441 | Lair:1   | 7441 ||| READING scroll of enchant armour.
  7441 | Lair:1   | 7441 ||| ENCHANTING +2 steam dragon scales.
  7444 | Lair:1   | Noticed a cane toad
  7445 | Lair:1   | 7445 ||| INVOKING Heroism.
  7450 | Lair:1   | Killed a cane toad
  7451 | Lair:1   | Reached XP level 11. HP: 57/69 MP: 11/14
  7466 | Lair:1   | 7466 ||| FLEEEEING.
  7609 | Lair:1   | Reached skill level 9 in Fighting
  7622 | Lair:1   | Noticed a boulder beetle
  7625 | Lair:1   | 7625 ||| INVOKING Heroism.
  7630 | Lair:1   | Killed a boulder beetle
  7630 | Lair:1   | Reached *** piety under Okawaru
  8208 | Lair:2   | 8208 ||| STAIRDANCE
  8211 | Lair:1   | 8211 ||| FLEEEEING.
  8283 | Lair:2   | 8283 ||| STAIRDANCE
  8288 | Lair:2   | 8288 ||| STAIRDANCE
  8294 | Lair:2   | 8294 ||| STAIRDANCE
  8300 | Lair:1   | 8300 ||| FLEEEEING.
  8378 | Lair:2   | 8378 ||| STAIRDANCE
  8412 | Lair:2   | Reached skill level 14 in Ranged Weapons
  8412 | Lair:2   | 8412 ||| FLEEEEING.
  8422 | Lair:2   | 8422 ||| STAIRDANCE
  8492 | Lair:2   | Reached **** piety under Okawaru
  8542 | Lair:2   | Noticed a skyshark
  8544 | Lair:2   | 8544 ||| INVOKING Finesse.
  8549 | Lair:2   | Killed a skyshark
  8798 | Lair:2   | Noticed Prince Ribbit
  8799 | Lair:2   | 8799 ||| RETREEEEATING.
  8805 | Lair:2   | Killed Prince Ribbit
  8821 | Lair:2   | 8821 ||| FLEEEEING.
  8906 | Lair:2   | Reached skill level 6 in Invocations
  9025 | Lair:2   | Noticed Urug
  9026 | Lair:2   | 9026 ||| INVOKING Finesse.
  9027 | Lair:2   | 9027 ||| INVOKING Finesse.
  9038 | Lair:2   | Killed Urug
  9039 | Lair:2   | Reached XP level 12. HP: 75/77 MP: 11/16
  9202 | Lair:2   | Noticed a six-headed hydra
  9204 | Lair:2   | 9204 ||| INVOKING Finesse.
  9207 | Lair:2   | Killed a six-headed hydra
  9246 | Lair:2   | Found a staircase to the Swamp.
  9446 | Lair:2   | 9446 ||| UPGRADING to amulet of faith.
  9451 | Lair:2   | 9451 ||| READING 5 scrolls of identify.
  9451 | Lair:2   | 9451 ||| IDENTIFYING yellow potion
  9452 | Lair:2   | 9452 ||| DROPPING potion of attraction.
  9482 | Lair:3   | 9482 ||| FLEEEEING.
  9492 | Lair:3   | 9492 ||| STAIRDANCE
  9541 | Lair:3   | Noticed a four-headed hydra
  9542 | Lair:3   | 9542 ||| STAIRDANCE
  9546 | Lair:2   | 9546 ||| FLEEEEING.
  9574 | Lair:3   | 9574 ||| STAIRDANCE
  9576 | Lair:2   | 9576 ||| INVOKING Finesse.
  9579 | Lair:2   | Killed a four-headed hydra
  9687 | Lair:3   | 9687 ||| RETREEEEATING.
  9688 | Lair:3   | 9688 ||| RETREEEEATING.
  9690 | Lair:3   | 9690 ||| RETREEEEATING.
  9692 | Lair:3   | 9692 ||| RETREEEEATING.
  9696 | Lair:3   | 9696 ||| RETREEEEATING.
  9697 | Lair:3   | 9697 ||| RETREEEEATING.
  9698 | Lair:3   | 9698 ||| RETREEEEATING.
  9699 | Lair:3   | 9699 ||| RETREEEEATING.
  9700 | Lair:3   | 9700 ||| RETREEEEATING.
  9701 | Lair:3   | 9701 ||| RETREEEEATING.
  9701 | Lair:3   | Noticed Gastronok
  9702 | Lair:3   | 9702 ||| RETREEEEATING.
  9707 | Lair:3   | Reached ***** piety under Okawaru
  9714 | Lair:3   | 9714 ||| FLEEEEING.
  9717 | Lair:3   | 9717 ||| INVOKING Finesse.
  9732 | Lair:3   | Killed Gastronok
  9733 | Lair:3   | Reached skill level 15 in Ranged Weapons
  9747 | Lair:3   | 9747 ||| FLEEEEING.
  9749 | Lair:3   | 9749 ||| STAIRDANCE
  9868 | Lair:3   | 9868 ||| FLEEEEING.
  9870 | Lair:3   | 9870 ||| STAIRDANCE
  9957 | Lair:3   | 9957 ||| RETREEEEATING.
  9972 | Lair:3   | 9972 ||| FLEEEEING.
 10022 | Lair:3   | 10022 ||| RETREEEEATING.
 10063 | Lair:3   | 10063 ||| RETREEEEATING.
 10064 | Lair:3   | 10064 ||| RETREEEEATING.
 10065 | Lair:3   | 10065 ||| RETREEEEATING.
 10067 | Lair:3   | 10067 ||| RETREEEEATING.
 10068 | Lair:3   | 10068 ||| RETREEEEATING.
 10069 | Lair:3   | 10069 ||| RETREEEEATING.
 10070 | Lair:3   | 10070 ||| RETREEEEATING.
 10071 | Lair:3   | 10071 ||| RETREEEEATING.
 10072 | Lair:3   | 10072 ||| RETREEEEATING.
 10077 | Lair:3   | Reached skill level 9 in Invocations
 10124 | Lair:3   | Found a hole to the Spider Nest.
 10133 | Lair:3   | Received a gift from Okawaru
 10190 | Lair:3   | 10190 ||| FLEEEEING.
 10191 | Lair:3   | 10191 ||| FLEEEEING.
 10192 | Lair:3   | 10192 ||| FLEEEEING.
 10193 | Lair:3   | 10193 ||| FLEEEEING.
 10194 | Lair:3   | 10194 ||| FLEEEEING.
 10195 | Lair:3   | 10195 ||| FLEEEEING.
 10234 | Lair:3   | 10234 ||| RETREEEEATING.
 10235 | Lair:3   | 10235 ||| RETREEEEATING.
 10236 | Lair:3   | 10236 ||| RETREEEEATING.
 10237 | Lair:3   | 10237 ||| RETREEEEATING.
 10238 | Lair:3   | 10238 ||| RETREEEEATING.
 10239 | Lair:3   | 10239 ||| RETREEEEATING.
 10240 | Lair:3   | 10240 ||| RETREEEEATING.
 10241 | Lair:3   | 10241 ||| RETREEEEATING.
 10242 | Lair:3   | 10242 ||| RETREEEEATING.
 10243 | Lair:3   | 10243 ||| RETREEEEATING.
 10244 | Lair:3   | 10244 ||| RETREEEEATING.
 10245 | Lair:3   | 10245 ||| RETREEEEATING.
 10247 | Lair:3   | 10247 ||| RETREEEEATING.
 10248 | Lair:3   | 10248 ||| RETREEEEATING.
 10250 | Lair:3   | 10250 ||| INVOKING Finesse.
 10274 | Lair:3   | Received a gift from Okawaru
 10392 | Lair:3   | 10392 ||| RETREEEEATING.
 10393 | Lair:3   | 10393 ||| RETREEEEATING.
 10394 | Lair:3   | 10394 ||| RETREEEEATING.
 10395 | Lair:3   | 10395 ||| RETREEEEATING.
 10403 | Lair:3   | Reached XP level 13. HP: 80/82 MP: 20/20
 10406 | Lair:3   | Reached skill level 16 in Ranged Weapons
 10445 | Lair:3   | 10445 ||| RETREEEEATING.
 10446 | Lair:3   | 10446 ||| RETREEEEATING.
 10447 | Lair:3   | 10447 ||| RETREEEEATING.
 10448 | Lair:3   | 10448 ||| RETREEEEATING.
 10449 | Lair:3   | 10449 ||| RETREEEEATING.
 10450 | Lair:3   | 10450 ||| RETREEEEATING.
 10451 | Lair:3   | 10451 ||| RETREEEEATING.
 10452 | Lair:3   | 10452 ||| RETREEEEATING.
 10525 | Lair:3   | 10525 ||| FLEEEEING.
 10562 | Lair:3   | 10562 ||| FLEEEEING.
 10827 | Lair:3   | Received a gift from Okawaru
 10937 | Lair:3   | Found a white marble altar of Elyvilon.
 10976 | Lair:3   | 10976 ||| RETREEEEATING.
 10993 | Lair:3   | 10993 ||| FLEEEEING.
 11204 | Lair:3   | 11204 ||| UPGRADING to +1 hat of see invisible.
 11214 | Lair:3   | 11214 ||| UPGRADING to ring of willpower.
 11271 | Lair:4   | 11271 ||| RETREEEEATING.
 11272 | Lair:4   | 11272 ||| RETREEEEATING.
 11273 | Lair:4   | 11273 ||| RETREEEEATING.
 11274 | Lair:4   | 11274 ||| RETREEEEATING.
 11276 | Lair:4   | 11276 ||| RETREEEEATING.
 11280 | Lair:4   | 11280 ||| RETREEEEATING.
 11281 | Lair:4   | 11281 ||| RETREEEEATING.
 11299 | Lair:4   | 11299 ||| RETREEEEATING.
 11301 | Lair:4   | 11301 ||| RETREEEEATING.
 11302 | Lair:4   | 11302 ||| RETREEEEATING.
 11303 | Lair:4   | 11303 ||| RETREEEEATING.
 11304 | Lair:4   | 11304 ||| RETREEEEATING.
 11305 | Lair:4   | 11305 ||| RETREEEEATING.
 11306 | Lair:4   | 11306 ||| RETREEEEATING.
 11307 | Lair:4   | 11307 ||| RETREEEEATING.
 11308 | Lair:4   | 11308 ||| RETREEEEATING.
 11312 | Lair:4   | 11312 ||| RETREEEEATING.
 11314 | Lair:4   | 11314 ||| RETREEEEATING.
 11315 | Lair:4   | 11315 ||| RETREEEEATING.
 11316 | Lair:4   | 11316 ||| RETREEEEATING.
 11316 | Lair:4   | HP: 16/84 [blink frog (12)]
 11317 | Lair:4   | 11317 ||| READING 6 scrolls of teleportation.
 11318 | Lair:4   | 11318 ||| DRINKING 5 potions of heal wounds.
 11319 | Lair:4   | 11319 ||| RETREEEEATING.
 11320 | Lair:4   | 11320 ||| RETREEEEATING.
 11321 | Lair:4   | 11321 ||| RETREEEEATING.
 11444 | Lair:4   | Received a gift from Okawaru
 11445 | Lair:4   | Reached skill level 17 in Ranged Weapons
 11469 | Lair:4   | Found a staircase to the Slime Pits.
 11471 | Lair:4   | Reached ****** piety under Okawaru
 11472 | Lair:4   | 11472 ||| INVOKING Receive Weapon.
 11472 | Lair:4   | 11472 ||| ACQUIRING +1 longbow of electrocution
 11472 | Lair:4   | Acquired a +1 longbow of electrocution
 11472 | Lair:4   | Received a gift from Okawaru
 11473 | Lair:4   | 11473 ||| INVOKING Receive Armour.
 11473 | Lair:4   | 11473 ||| ACQUIRING scarf of Xodoenib {rC+ rF+, +Blink
                  | rPois Dex+3}
 11473 | Lair:4   | Acquired the scarf of Xodoenib {rC+ rF+, +Blink rPois
                  | Dex+3}
 11473 | Lair:4   | Received a gift from Okawaru
 11527 | Lair:4   | 11527 ||| RETREEEEATING.
 11530 | Lair:4   | 11530 ||| RETREEEEATING.
 11531 | Lair:4   | 11531 ||| RETREEEEATING.
 11534 | Lair:4   | 11534 ||| RETREEEEATING.
 11556 | Lair:4   | HP: 17/84 [death yak (6)]
 11557 | Lair:4   | 11557 ||| READING 5 scrolls of teleportation.
 11557 | Lair:4   | Slain by a death yak

Levels and vault maps discovered:
D:1:      minmay_arrival_glassed_features, layout_loops_ring,
          grunt_decor_one_mirror
D:2:      layout_loops_ring
D:3:      minmay_door_path, layout_rooms,
          pdpol_temple_overflow_zin_treasury_gozag_greed,
          nicolae_overflow_ecumenical_swirl, marbit_many_paths,
          ebering_ghost_sewer_d
D:4:      layout_basic, kennysheep_mini_moat, mainiacjoe_overflow_brackets,
          nicolae_ossuary_entry_giza, hellmonk_no_cap, uniq_eustachio
D:5:      layout_basic, nicolae_qazlal_scattered_showers, lemuel_doored_altar,
          minmay_temple_entry_wispy, gup_sewer_entry_spiral,
          minmay_joined_circles
D:6:      layout_cave_pools, nicolae_yredelemnul_corpse_copse
D:7:      minmay_the_grid_triangle_9x9_rhombus_full
          [minmay_the_grid_triangle_9x9_impossible_snake,
          minmay_the_grid_triangle_9x9_negative_grid,
          minmay_the_grid_triangle_9x9_tough_junction,
          minmay_the_grid_triangle_9x9_alien,
          minmay_the_grid_triangle_9x9_subtriangle,
          minmay_the_grid_triangle_9x9_corruption,
          minmay_the_grid_triangle_9x9_thin_v,
          minmay_the_grid_triangle_9x9_prize_top_heavy], layout_basic,
          fedhas_altar_3, okawaru_humans, nicolae_ru_great_annihilating_truth
D:8:      minmay_separated_statues, layout_basic,
          nicolae_overflow_two_pavilions, nicolae_uskayaw_en_pointe,
          lair_entry_dummy, serial_shops,
          nicolae_shop_temple_entry_statues_fountains, uniq_pikel
Temple:   hellmonk_temple_flake
Lair:1:   layout_loops_ring, serial_bayou_pond_b, serial_bayou_shore_a
Lair:2:   layout_regular_city, palyth_hydra_swamp_entry,
          infiniplex_staircase_pool, grunt_megastairs_4, uniq_prince_ribbit2,
          uniq_urug
Lair:3:   regret_index_malice_mire, layout_chaotic_city,
          nicolae_spider_entry_orb_guardian, basic_altar,
          cheibrodos_lair_lostbears, infiniplex_staircase_pool_2, uniq_gastronok
Lair:4:   layout_layer_cave, minmay_slime_entry_oklob_open

Skill      XL: |  1  2  3  4  5  6  7  8  9 10 11 12 13 |
---------------+----------------------------------------+-----
Ranged Weapons | 5 6 7 8 10 11 13 14 15 17 | 17.0
Fighting       | 3 4 5 6 8 10 11 | 11.0
Armour         | 1 2 3 5 |  5.0
Dodging        | 2 3 4 5 |  5.9
Invocations    | 4 6 10 | 10.0
Stealth        | |  1.1

Action                     |  1- 3 |  4- 6 |  7- 9 | 10-12 | 13-15 || total
---------------------------+-------+-------+-------+-------+-------++-------
   Fire: Shortbow          |   128 |   262 |    83 |       |       ||   473
         Longbow           |       |       |   390 |   418 |   151 ||   959
 Invoke: Heroism           |       |       |       |     4 |       ||     4
         Finesse           |       |       |       |     6 |       ||     6
         Receive Weapon    |       |       |       |       |     1 ||     1
         Receive Armour    |       |       |       |       |     1 ||     1
    Use: Scroll            |     4 |    11 |     9 |     9 |     2 ||    35
         Potion            |       |     2 |     1 |     4 |     1 ||     8
 Armour: Leather armour    |    27 |   221 |   244 |    61 |       ||   553
         Steam dragon scal |       |       |       |   176 |    87 ||   263
  Dodge: Dodged            |    25 |   205 |   221 |   219 |    79 ||   749

Table legend:
 A = Non-vault XP
 B = Vault XP
 C = Vault XP percentage of total XP
 D = Non-vault monster count
 E = Vault monster count
 F = Vault count percentage of total count
                 A         B        C        D         E       F
            +---------+---------+-------+---------+---------+-------
      Total |   24662 |   20757 |  45.7 |     212 |     144 |  40.4
            +---------+---------+-------+---------+---------+-------
        D:1 |      37 |       0 |   0.0 |      24 |       0 |   0.0
        D:2 |      46 |       0 |   0.0 |      17 |       0 |   0.0
        D:3 |       9 |       5 |  35.7 |       5 |       2 |  28.6
        D:4 |     181 |     261 |  59.0 |      14 |       6 |  30.0
        D:5 |     634 |     347 |  35.4 |      30 |      21 |  41.2
        D:6 |     929 |     341 |  26.9 |      19 |       7 |  26.9
        D:7 |    1101 |     445 |  28.8 |      22 |       6 |  21.4
        D:8 |     702 |    1098 |  61.0 |      10 |       2 |  16.7
     Lair:1 |    5516 |    1096 |  16.6 |      19 |       5 |  20.8
     Lair:2 |    3359 |    4469 |  57.1 |      11 |      13 |  54.2
     Lair:3 |    8842 |   11173 |  55.8 |      29 |      29 |  50.0
     Lair:4 |    3306 |    1085 |  24.7 |      12 |       2 |  14.3
      Sewer |       0 |     252 | 100.0 |       0 |      35 | 100.0
    Ossuary |       0 |     185 | 100.0 |       0 |      16 | 100.0
            +---------+---------+-------+---------+---------+-------
